 Dungeon Crawl Stone Soup version 0.29.1-15-g9cfb28693d (webtiles) character file.

Game seed: 10849586357086996738

150861 Gabide the Brawler (level 16, -12/138 HPs)
             Began as a Mummy Berserker on Apr 17, 2023.
             Was a High Priest of Trog.
             Killed from afar by a bog body (23 damage)
             ... with a bolt of cold
             ... on level 3 of the Swamp.
             The game lasted 01:14:43 (32319 turns).

Gabide the Brawler (Mummy Berserker)               Turns: 32319, Time: 01:14:44

Health: -12/138    AC: 21    Str: 27    XL:     16   Next: 99%
Magic:  16/16      EV: 17    Int: 10    God:    Trog [*****.]
Gold:   3509       SH:  0    Dex:  7    Spells: 15/15 levels left

rFire   + . .      SeeInvis .     - Unarmed
rCold   . . .      Faith    +   (no shield)
rNeg    + + +      Spirit   .   t - +1 fire dragon scales
rPois   ∞          Reflect  .   m - +2 helmet
rElec   .          Harm     .   e - +2 cloak
rCorr   +          Rampage  .   J - +2 pair of gloves
Will    ++...                   s - +2 pair of boots
Stlth   ..........              c - amulet of Temptation {Faith Regen+ rCorr Int+3 Dex-5}
HPRegen 1.13/turn               f - +4 ring of evasion
MPRegen 0.15/turn               u - +4 ring of slaying

@: very slow
A: cold resistance 1, negative energy resistance 3, torment resistance 2, heat
vulnerability 1, in touch with death 2, no potions
a: Renounce Religion, Trog's Hand, Brothers in Arms


You were on level 3 of the Swamp.
You worshipped Trog.
Trog was extremely pleased with you.
You visited 8 branches of the dungeon, and saw 30 of its levels.
You also visited: Ice Cave.

You collected 4001 gold pieces.
You spent 492 gold pieces at shops.

Inventory:

Missiles
 d - 15 boomerangs
 g - 29 poisoned darts
 j - 5 atropa-tipped darts
 q - 3 throwing nets
 v - 5 javelins (quivered)
Armour
 b - a +5 ring mail
 e - a +2 cloak (worn)
 m - a +2 helmet (worn)
 s - a +2 pair of boots (worn)
 t - +1 fire dragon scales (worn)
 I - a +1 cloak of cold resistance
 J - a +2 pair of gloves (worn)
Jewellery
 c - the amulet of Temptation (around neck) {Faith Regen+ rCorr Int+3 Dex-5}
   (You acquired it on level 2 of the Dungeon)

   [amulet of faith]

   It allows you to gain divine favour quickly.
   Int:       It affects your intelligence (+3).
   Dex:       It affects your dexterity (-5).
   Regen:     It increases your rate of health regeneration.
   rCorr:     It protects you from acid and corrosion.
 f - a +4 ring of evasion (left hand)
 u - a +4 ring of slaying (right hand)
 A - a ring of protection from cold
 B - a ring of see invisible
 E - a ring of fire
 H - an amulet of guardian spirit
 N - a ring of protection from cold
 P - a ring of fire
Wands
 h - a wand of mindburst (23)
 i - a wand of flame (55)
 k - a wand of digging (5)
 o - a wand of acid (37)
 p - a wand of roots (35)
 C - a wand of paralysis (2)
 G - a wand of polymorph (14)
Scrolls
 a - 5 scrolls of magic mapping
 l - 4 scrolls of teleportation
 n - a scroll of vulnerability
 r - 7 scrolls of enchant weapon
 w - a scroll of brand weapon
 x - 3 scrolls of poison
 D - a scroll of enchant armour
 F - a scroll of immolation
 K - a scroll of torment
 L - a scroll of butterflies
 O - a scroll of fear
Miscellaneous
 y - a lightning rod (4/4)
 z - a phantom mirror
 M - a phial of floods


   Skills:
 + Level 16.1 Fighting
 - Level 1.5 Armour
 + Level 15.2 Dodging
 * Level 20.0 Unarmed Combat


You had 15 spell levels left.
You didn't know any spells.
Your spell library was empty.

Dungeon Overview and Level Annotations

Branches:
Dungeon (15/15)            Temple (0/1) D:5            Lair (5/5) D:8
  Swamp (3/4) Lair:2       Spider (1/4) Lair:3        Slime (1/5) Lair:4
    Orc (2/2) D:9             Elf (2/3) Orc:2        Vaults (0/5) D:14
 Depths (1/4) D:15          IceCv (visited)

Altars:
Ashenzari
Gozag
Hepliaklqana
Kikubaaqudgha
Nemelex Xobeh
Qazlal
Ru
Trog
Wu Jian
Xom
Jiyva

Shops:
D:1 (   D:9 ?   D:14 *   Orc:2 [[(!

Portals:
Trove: D:13 (show abyssal rune of Zot)

Annotations:
D:3 2 transporters, Eitelfritz's ghost, amateur MiGl
D:14 Roxanne
Elf:2 3 runed translucent doors


Innate Abilities, Weirdness & Mutations

You are immune to poison.
Your flesh is cold resistant. (rC+)
You are immune to negative energy. (rN+++)
You are immune to unholy pain and torment.
You are vulnerable to heat. (rF-)
You are strongly in touch with the powers of death.
You do not drink.


Message History

You closely miss the will-o-the-wisp.
The will-o-the-wisp is severely damaged.
The will-o-the-wisp gestures.
The will-o-the-wisp conjures some foxfire! 2 foxfires come into view.
Your unstable footing causes you to fumble your attack.
The foxfire hits you! You resist. The foxfire hits you. You resist.
The bog body barely misses you.
Your unstable footing causes you to fumble your attack.
The will-o-the-wisp engulfs you.
You closely miss the will-o-the-wisp.
The will-o-the-wisp is severely damaged.
The bog body touches you but does no damage.
The will-o-the-wisp gestures.
The will-o-the-wisp conjures some foxfire! 2 foxfires come into view.
You pummel the will-o-the-wisp!!
You destroy the will-o-the-wisp!
Trog accepts your kill.
The bog body touches you but does no damage.
Your Unarmed Combat skill increases to level 20!
You punch the bog body! You punch the bog body.
The bog body is heavily damaged.
You closely miss the bog body.
The bog body is heavily damaged.
The bog body touches you. The bog body freezes you!!
Your unstable footing causes you to fumble your attack.
The bog body touches you! The bog body freezes you!!
* * * LOW HITPOINT WARNING * * *
Your unstable footing causes you to fumble your attack.
You pummel the bog body!!
The bog body is almost destroyed.
The bog body touches you!
* * * LOW HITPOINT WARNING * * *
The bog body freezes you!!
* * * LOW HITPOINT WARNING * * *
Your unstable footing causes you to fumble your attack.
The bog body casts a spell at you. The bolt of cold hits you!!
You die...

♣ ~. ♣♣ ♣♣♣♣ ~♣~~ ♣♣♣♣♣.
♣♣... .§..§ ♣~...~
♣§.~~♣♣ ~... ♣...).
♣♣.~~~~♣♣..♣♣♣♣♣♣♣~...♣
♣.~~........~..♣♣...)..
♣.~§~n~~!...~~..~..~~~♣
♣♣...~~@~~~..~~§~..~~~§.
♣~>.<.......~~~~~~~~~~~~
♣♣....~♣..~.~~~~~~~~.~~~
♣~~♣~~♣~.....~.~~§~.~.~~
♣~~§♣~♣♣♣~~~~~~~~~~♣....
.~~..♣ ♣.~..~~~~~~...~.♣
♣..~~ ♣♣♣~...♣~~.~....~
♣~~§~ ♣~~♣♣♣♣~~~.♣.~♣
♣♣~ ♣♣♣~♣♣♣.~~..~~♣


You could see a bog body.

Vanquished Creatures
  Nikola (Elf:1)
  2 rockslimes
  2 orc warlords (Orc:2)
  3 emperor scorpions (Spider:1)
  A frost giant (Depths:1)
  A deep elf sorcerer (Elf:1)
  2 quicksilver oozes (Slime:1)
  A vampire knight (Depths:1)
  3 bunyips
  2 eleionomae
  2 entropy weavers (Spider:1)
  A deep elf death mage (Elf:1)
  A fire dragon (Depths:1)
  A great orb of eyes (Slime:1)
  2 jiangshi (Depths:1)
  2 vault guards (D:14)
  An ice dragon (IceCv)
  Harold (Orc:1)
  A ghost crab (Swamp:2)
  4 hydras
  A death knight (D:15)
  A radroach (Spider:1)
  5 boulder beetles
  A catoblepas (D:14)
  A centaur warrior (D:12)
  A two-headed ogre (D:8)
  2 alligators
  A tengu warrior (D:15)
  8 dancing weapons
  A vampire mage (Depths:1)
  An orc high priest (Orc:2)
  2 death yaks (Lair:3)
  Urug (Lair:1)
  Amaemon (Lair:1)
  6 goliath frogs
  2 deep elf knights (Elf:1)
  3 spriggan druids
  An orb spider (Spider:1)
  4 bog bodies
  5 swamp dragons
  2 deep elf archers (Elf:1)
  11 deep elf pyromancers
  An orc knight (Orc:2)
  7 deep elf zephyrmancers
  13 ugly things
  A wolf spider (Spider:1)
  A phantasmal warrior (D:15)
  4 orc sorcerers
  5 cyclopes
  A black mamba (Lair:5)
  Maurice (Orc:1)
  9 elephants
  2 will-o-the-wisps (Swamp:3)
  A torpor snail (Spider:1)
  An orange demon (Lair:1)
  2 ice statues (IceCv)
  18 cane toads
  An unseen horror (D:12)
  7 rime drakes
  7 komodo dragons
  A tengu conjurer (D:15)
  5 freezing wraiths
  A queen bee (shapeshifter) (D:13)
  5 trolls
  A queen bee (Lair:2)
  Grinder (D:6)
  10 hornets
  21 blink frogs
  3 meliai (D:13)
  4 tarantellas (Spider:1)
  A tyrant leech (shapeshifter) (D:13)
  18 slime creatures
  2 dream sheep (Lair:1)
  A tarantella (shapeshifter) (Elf:2)
  9 tyrant leeches
  8 jumping spiders
  6 culicivoras
  2 water elementals
  48 yaks
  5 wraiths
  10 spriggans
  5 wyverns
  9 humans (D:14)
  25 vampire mosquitoes
  7 basilisks
  A redback (shapeshifter) (D:13)
  14 redbacks
  5 wargs (Orc:2)
  12 swamp worms
  An acid dragon (D:11)
  10 water moccasins
  Duvessa (D:5)
  33 orc warriors
  3 ice beasts
  3 swamp drakes
  3 black bears
  A sky beast (D:8)
  20 wolves
  2 centaurs (D:12)
  5 ogres
  4 phantoms
  4 kobold brigands
  14 bullfrogs
  An earth elemental (Elf:1)
  A gnoll sergeant (D:7)
  2 necrophages
  6 scorpions
  4 wights (D:8)
  Dowan (D:5)
  3 lindwurm simulacra (IceCv)
  26 killer bees (Lair:2)
  5 howler monkeys
  10 electric eels
  A crimson imp (D:7)
  5 komodo dragon simulacra (IceCv)
  20 orc priests
  2 gnoll boudas
  Crazy Yiuf (D:2)
  2 hounds
  3 iguanas (D:5)
  5 jellies
  6 hell rats
  20 orc wizards
  31 gnolls
  5 acid dragon simulacra (IceCv)
  6 adders
  A river rat (Lair:2)
  14 white imps
  8 steam dragon simulacra (IceCv)
  A dart slug (D:1)
  100 orcs
  3 bats
  8 endoplasms
  2 giant cockroaches
  5 goblins
  6 hobgoblins
  3 jackals (D:3)
  4 quokkas
  8 ball pythons
  4 frilled lizards
  5 hobgoblin zombies (D:7)
  17 kobolds
  2 orc zombies (D:7)
  5 rats
883 creatures vanquished.

Vanquished Creatures (collateral kills)
  2 emperor scorpions (Spider:1)
  A fire dragon (D:15)
  Josephine (Orc:2)
  An ice dragon (D:15)
  A hydra (Lair:3)
  A two-headed ogre (D:12)
  4 death yaks (Lair:3)
  A bog body (Lair:2)
  A deep elf pyromancer (D:12)
  A cyclops (D:12)
  3 ugly things (D:14)
  A wolf spider (Spider:1)
  3 slime creatures (D:12)
  A komodo dragon (Lair:2)
  2 wraiths (Orc:2)
  3 yaks (D:11)
  3 redbacks (Spider:1)
  A water moccasin (Lair:3)
  4 boggarts (D:12)
  3 centaurs (D:12)
  2 orc wizards (D:11)
  3 orcs
43 creatures vanquished.

Vanquished Creatures (others)
  A deep elf knight (Elf:1)
  2 deep elf archers (Elf:1)
  2 deep elf pyromancers (Elf:1)
  A demonic crawler (Spider:1)
  2 bloated husks (Swamp:3)
  A vampire (D:12)
  A water elemental (Elf:1)
  A human (D:14)
  A boggart (D:12)
  4 kobolds (D:11)
  4 foxfires (Swamp:3)
  31 fungi
  90 plants
141 creatures vanquished.

Grand Total: 1067 creatures vanquished

Notes
Turn   | Place    | Note
-------+----------+-------------------------------------------
     0 | D:1      | Gabide the Mummy Berserker began the quest for the Orb.
     0 | D:1      | Reached XP level 1. HP: 18/18 MP: 1/1
    67 | D:1      | Found Qov Urgh's Antique Weapon Emporium.
    83 | D:1      | Found a faded altar of an unknown god.
   184 | D:1      | Reached XP level 2. HP: 24/24 MP: 2/2
  1215 | D:2      | Identified a scroll of acquirement
  1215 | D:2      | Acquired the amulet of Temptation {Faith Regen+ rCorr Int+3
                  | Dex-5}
  1468 | D:2      | Reached skill level 3 in Unarmed Combat
  1468 | D:2      | Gained mutation: You are in touch with the powers of death.
                  | [Mummy growth]
  1468 | D:2      | Reached XP level 3. HP: 29/29 MP: 3/3
  1505 | D:2      | Reached ** piety under Trog
  1683 | D:2      | Found a runed translucent door.
  1684 | D:2      | Noticed Crazy Yiuf
  1722 | D:2      | Reached XP level 4. HP: 34/35 MP: 4/4
  1977 | D:2      | Killed Crazy Yiuf
  2069 | D:3      | Found a stormy altar of Qazlal.
  2110 | D:3      | Reached XP level 5. HP: 28/42 MP: 5/5
  2306 | D:3      | Reached skill level 4 in Unarmed Combat
  2325 | D:3      | Found a bloodstained altar of Trog.
  2473 | D:3      | Found an ancient bone altar of Kikubaaqudgha.
  2637 | D:3      | Found a transporter.
  2637 | D:3      | Noticed Eitelfritz's ghost (amateur MiGl)
  2659 | D:3      | Found a transporter.
  3071 | D:4      | Found an opulent altar of Gozag.
  3139 | D:4      | Reached XP level 6. HP: 41/48 MP: 6/6
  3737 | D:4      | Reached *** piety under Trog
  3800 | D:5      | Entered Level 5 of the Dungeon
  3825 | D:5      | Reached skill level 5 in Unarmed Combat
  3825 | D:5      | Reached XP level 7. HP: 52/55 MP: 7/7
  4008 | D:5      | Reached skill level 5 in Fighting
  4359 | D:5      | Noticed Dowan
  4360 | D:5      | Noticed Duvessa
  4375 | D:5      | Reached skill level 6 in Unarmed Combat
  4375 | D:5      | Reached XP level 8. HP: 39/63 MP: 8/8
  4388 | D:5      | Killed Duvessa
  4423 | D:5      | Killed Dowan
  4716 | D:5      | Found a staircase to the Ecumenical Temple.
  5208 | D:6      | Reached skill level 7 in Unarmed Combat
  5254 | D:6      | Reached **** piety under Trog
  5276 | D:6      | Noticed Grinder
  5314 | D:6      | Killed Grinder
  5315 | D:6      | Reached skill level 5 in Dodging
  5315 | D:6      | Reached XP level 9. HP: 71/71 MP: 9/9
  5465 | D:6      | Acquired a manual of Unarmed Combat
  5935 | D:6      | Found an ornate altar of the Wu Jian Council.
  6218 | D:7      | Reached skill level 8 in Unarmed Combat
  6337 | D:7      | Found a sparkling altar of Nemelex Xobeh.
  6599 | D:7      | Noticed a troll
  6782 | D:7      | Reached skill level 9 in Unarmed Combat
  6972 | D:7      | Killed a troll
  7558 | D:8      | You fall into a shaft and drop 1 floor!
  7615 | D:9      | Found a broken altar of Ashenzari.
  7825 | D:8      | Found a staircase to the Lair.
  7879 | D:8      | Reached skill level 10 in Unarmed Combat
  7880 | D:8      | Noticed a two-headed ogre
  7890 | D:8      | Reached XP level 10. HP: 60/80 MP: 10/10
  8472 | D:8      | Killed a two-headed ogre
  8495 | Lair:1   | Entered Level 1 of the Lair of Beasts
  8497 | Lair:1   | Noticed a cane toad
  8501 | Lair:1   | Noticed an orange demon
  8501 | Lair:1   | Noticed Amaemon
  8507 | D:8      | Killed a cane toad
  8508 | D:8      | Reached skill level 11 in Unarmed Combat
  8539 | Lair:1   | Killed Amaemon
  8543 | Lair:1   | Killed an orange demon
  8587 | Lair:1   | Reached skill level 12 in Unarmed Combat
  8621 | Lair:1   | Noticed a cane toad
  8644 | D:8      | Killed a cane toad
  8873 | Lair:1   | Reached XP level 11. HP: 80/89 MP: 11/11
  8876 | Lair:1   | Reached ***** piety under Trog
  8968 | Lair:1   | Reached skill level 13 in Unarmed Combat
  9108 | Lair:1   | Noticed Urug
  9121 | Lair:1   | Killed Urug
  9398 | Lair:2   | Received a gift from Trog
  9539 | Lair:2   | Reached skill level 10 in Fighting
  9845 | Lair:2   | Reached skill level 14 in Unarmed Combat
  9965 | Lair:2   | Reached XP level 12. HP: 82/98 MP: 12/12
 10115 | Lair:2   | Found a staircase to the Swamp.
 11039 | Lair:3   | Noticed a death yak
 11040 | Lair:3   | Noticed a death yak
 11041 | Lair:3   | Noticed a death yak
 11042 | Lair:3   | Noticed a death yak
 11043 | Lair:3   | Noticed a death yak
 11057 | Lair:3   | Killed a death yak
 11057 | Lair:3   | Noticed a death yak
 11071 | Lair:3   | Killed a death yak
 11074 | Lair:3   | Killed a death yak
 11080 | Lair:3   | Killed a death yak
 11088 | Lair:3   | Killed a death yak
 11207 | Lair:3   | Killed a death yak
 11324 | Lair:3   | Noticed a five-headed hydra
 11330 | Lair:3   | Killed a five-headed hydra
 11331 | Lair:3   | Reached skill level 15 in Unarmed Combat
 11362 | Lair:3   | Found a dark tunnel.
 11369 | Lair:3   | Found a hole to the Spider Nest.
 12002 | Lair:4   | Gained mutation: You are strongly in touch with the powers
                  | of death. [Mummy growth]
 12002 | Lair:4   | Reached XP level 13. HP: 90/106 MP: 13/13
 12036 | Lair:4   | Found a staircase to the Slime Pits.
 12040 | Lair:4   | Found a viscous altar of Jiyva.
 12882 | Lair:5   | Entered Level 5 of the Lair of Beasts
 12952 | Lair:4   | Reached skill level 10 in Dodging
 13514 | Lair:5   | Reached skill level 16 in Unarmed Combat
 14029 | Lair:5   | Received a gift from Trog
 14711 | D:9      | Found a staircase to the Orcish Mines.
 14848 | D:9      | Found Ontetzum's Magic Scroll Boutique.
 14925 | D:9      | Found a hazy altar of Hepliaklqana.
 15207 | D:10     | Entered Level 10 of the Dungeon
 15285 | D:10     | Identified the +0 scale mail of the Blue Moon {Harm Rampage
                  | rElec rF-}
 15451 | D:10     | Found a shimmering altar of Xom.
 15994 | D:11     | Received a gift from Trog
 15995 | D:11     | Reached XP level 14. HP: 73/116 MP: 14/14
 17517 | D:13     | Received a gift from Trog
 17923 | D:13     | Reached skill level 17 in Unarmed Combat
 18020 | D:13     | Found a portal to a secret trove of treasure.
 18858 | D:14     | Found Zin's Purification Station.
 19164 | D:14     | Found a gate to the Vaults.
 19358 | D:14     | Identified Roxanne's Catalogue of Reformation
 19358 | D:14     | Noticed Roxanne
 19705 | D:15     | Entered Level 15 of the Dungeon
 19919 | D:15     | Found a sacrificial altar of Ru.
 20384 | D:15     | Found a staircase to the Depths.
 20620 | D:15     | Reached XP level 15. HP: 96/125 MP: 15/15
 21402 | Swamp:1  | Entered Level 1 of the Swamp
 21819 | Swamp:1  | HP: 4/126 [spriggan druid/stone arrow (26)]
 22681 | Swamp:2  | Reached skill level 18 in Unarmed Combat
 23596 | Orc:1    | Entered Level 1 of the Orcish Mines
 23606 | Orc:1    | Noticed Harold
 23619 | Orc:1    | Killed Harold
 23896 | Orc:2    | Entered Level 2 of the Orcish Mines
 23896 | Orc:2    | Noticed Maurice
 23952 | Orc:1    | Killed Maurice
 24069 | Orc:2    | Found a staircase to the Elven Halls.
 24130 | Orc:2    | Noticed an orc warlord
 24148 | Orc:2    | Identified the +2 triple sword "Penn" {flame, rPois rN+
                  | Dex+4} (Trog gifted it to you on level 2 of the Orcish
                  | Mines)
 24148 | Orc:2    | Received a gift from Trog
 24160 | Orc:2    | Killed an orc warlord
 24164 | Orc:2    | Noticed Josephine
 24177 | Orc:2    | Killed Josephine
 24268 | Orc:2    | Found a frozen archway.
 24298 | IceCv    | Entered an ice cave
 24481 | IceCv    | Identified the +7 flail of Unpleasantness {venom, Str+4}
 25031 | Orc:2    | Received a gift from Trog
 25295 | Orc:2    | Noticed an orc warlord
 25402 | Orc:2    | Killed an orc warlord
 25614 | Orc:2    | Found Serag's Antique Weapon Shoppe.
 25619 | Orc:2    | Received a gift from Trog
 25628 | Orc:2    | Found Qanod's Antique Armour Emporium.
 25639 | Orc:2    | Bought a pair of runed gloves for 150 gold pieces
 25759 | Orc:2    | Found Itunia's Antique Armour Shop.
 25998 | Orc:2    | Found Aplupsips's Distillery.
 26388 | D:9      | Bought 3 scrolls of torment for 342 gold pieces
 26491 | Spider:1 | Entered Level 1 of the Spider Nest
 27250 | Spider:1 | HP: 4/127 [wolf spider (15)]
 27374 | Spider:1 | Noticed an emperor scorpion
 27393 | Spider:1 | Killed an emperor scorpion
 27499 | Spider:1 | Reached skill level 15 in Fighting
 27673 | Spider:1 | Reached XP level 16. HP: 124/136 MP: 16/16
 27778 | Spider:1 | Reached skill level 19 in Unarmed Combat
 28447 | Slime:1  | Entered Level 1 of the Pits of Slime
 28707 | Slime:1  | Received a gift from Trog
 29444 | Elf:1    | Entered Level 1 of the Elven Halls
 29823 | Elf:1    | Identified the +0 pair of gloves "Keass" {Harm +Inv Int+5
                  | Stlth+}
 29823 | Elf:1    | Noticed Nikola
 29851 | Elf:1    | Killed Nikola
 30097 | Elf:1    | Identified the +3 leather armour of Vugihuif {Dex+5}
 30418 | Elf:2    | Reached skill level 15 in Dodging
 30745 | Elf:2    | Found a runed translucent gate.
 30745 | Elf:2    | Found a runed translucent gate.
 30745 | Elf:2    | Found a runed translucent gate.
 31048 | Depths:1 | Entered Level 1 of the Depths
 31120 | Depths:1 | HP: 5/138 [something (19)]
 31903 | Swamp:3  | Received a gift from Trog
 32314 | Swamp:3  | Reached skill level 20 in Unarmed Combat
 32319 | Swamp:3  | Killed from afar by a bog body

Illustrated notes

Levels and vault maps discovered:
D:1:      dpeg_arrival_court, layout_basic, serial_shops, shop,
          shapermc_ecumenical_altar_starsandcircs
D:2:      layout_loops_cross, chequers_serial_rivers_small_3,
          dreamdust_princess_bridge, uniq_crazy_yiuf_cottage
D:3:      layout_loops_ring, trog_butcher_becter, mainiacjoe_overflow_paths,
          mainiacjoe_overflow_24_doors, gammafunk_ghost_stat_death,
          minmay_distorted
D:4:      layout_loops_ring, grunt_gozag_statues
D:5:      layout_cave_pods, lemuel_temple_firewalk_a, small_statue_intersection,
          grunt_ministairs_11, uniq_duvessa
D:6:      layout_basic, nzn_wu_jian_contemplation, nicolae_figureground_pulse,
          uniq_grinder
D:7:      layout_layer_cave, old_standard_altar, nicolae_tso_besieged_by_evil
D:8:      layout_basic, david_lair_generic
D:9:      layout_roguey, nicolae_hepliaklqana_hippocampus,
          cheibrodos_ashenzari_chains, david_orc_4, serial_shops, shop_scrolls
D:10:     statuecave_lemuel, layout_irregular_city,
          nicolae_overflow_hidden_temple, nicolae_overflow_crystal_walls
D:11:     layout_cave_pools, serial_bayou, serial_bayou_lagoon_b,
          serial_bayou_pond_d, serial_bayou_lake_a, serial_bayou_pond_d,
          kennysheep_potato
D:12:     layout_loops_ring, chequers_serial_rivers_micro_b,
          chequers_serial_rivers_micro_b
D:13:     layout_basic, enter_trove_1, eino_curves_03
D:14:     layout_irregular_city, ximxim_vaults_locker_room,
          infiniplex_staircase_pillars_1, zin_purify, uniq_roxanne
D:15:     grunt_enter_depths_hoard, layout_basic, nicolae_ru_awakened_eye
Lair:1:   layout_cave_shapes, dreamdust_gnoll_shepherd, uniq_amaemon, uniq_urug
Lair:2:   regret_index_tunnel_blossom, layout_concentric_octagons,
          nicolae_swamp_entry_splash_gauntlet
Lair:3:   layout_chaotic_city, spider_nest_entry_rubble,
          nicolae_volcano_entry_lava_flow
Lair:4:   layout_gridlike, nicolae_slime_entry_slimehenge, beast_lair_carwin_1,
          grunt_megastairs_2
Lair:5:   minmay_lair_end_frog_pond, layout_cave_pods
Swamp:1:  layout_falls_marsh, nicolae_swamp_trees_clearing, swamp_pool1
Swamp:2:  layout_falls_marsh, serial_swamp_ruin, evilmike_swamp_ruin_house_3,
          evilmike_swamp_ruin_house_5, infiniplex_staircase_pool_2
Swamp:3:  layout_basic_swamp, nicolae_swamp_fairy_circle,
          nicolae_swamp_bean_lake
Spider:1: layout_spider_delve, nicolae_spider_scorpion_nest,
          hangedman_spider_tarantella_strand
Slime:1:  layout_caves
Orc:1:    layout_diamond_mine, uniq_harold
Orc:2:    grunt_orc_community_town_hall, layout_caves,
          grunt_orc_community_big_house_2, grunt_orc_community_big_house_1,
          grunt_orc_community_house_3, grunt_orc_community_house_2,
          grunt_orc_community_house_1, grunt_orc_community_house_1,
          portal_ice_cave_entry_imps, uniq_josephine, uniq_maurice
Elf:1:    layout_geoelf_octagon, minivault_28, uniq_nikola
Elf:2:    nicolae_elf_blades_splatter_lattice [nicolae_blade_tridents],
          layout_loops_cross
Depths:1: layout_basic, grunt_metal_band, minmay_misc_feat_alley,
          kennysheep_decorative_pillar, chequers_jeans, drop_trap,
          minmay_misc_feat_room, minmay_fractal_squares_diagonal_5

Skill      XL: |  1  2  3  4  5  6  7  8  9 10 11 12 13 14 15 16 |
---------------+-------------------------------------------------+-----
Dodging        | 2 3 4 5 6 7 8 9 10 12 14 15 | 15.2
Unarmed Combat | 3 4 5 6 7 10 12 14 15 16 17 18 20 | 20.0
Fighting       | 4 5 6 7 9 10 11 12 13 15 16 | 16.1
Armour         | |  1.5

Action                   |  1- 3 |  4- 6 |  7- 9 | 10-12 | 13-15 | 16-18 || total
-------------------------+-------+-------+-------+-------+-------+-------++-------
Melee: Unarmed           |   111 |   286 |   593 |   682 |  1798 |   478 ||  3948
       Punch             |     3 |     8 |    25 |    52 |   192 |    46 ||   326
Throw: Dart              |     2 |       |     2 |    12 |     1 |       ||    17
       Boomerang         |       |    12 |    27 |    15 |    56 |     7 ||   117
       Throwing net      |       |       |     1 |       |     1 |     1 ||     3
       Javelin           |       |       |       |    23 |    19 |     8 ||    50
Invok: Trog's Hand       |     1 |     2 |     9 |     8 |    19 |     6 ||    45
       Brothers in Arms  |       |       |       |     4 |    11 |     4 ||    19
Evoke: Wand              |       |       |     4 |     7 |    37 |       ||    48
       Phantom mirror    |       |       |       |       |     1 |     1 ||     2
  Use: Scroll            |     4 |     5 |    11 |     7 |    20 |     2 ||    49
 Stab: Paralysed         |       |       |       |       |     2 |       ||     2
       Petrifying        |       |       |       |       |     1 |       ||     1
       Distracted        |       |       |       |       |       |     1 ||     1
Armor: Ring mail         |    39 |   110 |   241 |   298 |   392 |       ||  1080
       Animal skin       |     1 |       |       |       |       |       ||     1
       Fire dragon scale |       |       |       |       |   254 |   145 ||   399
Dodge: Dodged            |    69 |   147 |   390 |   646 |  1369 |   258 ||  2879
